 Dungeon Crawl Stone Soup version 0.19-a0-1534-g03f6967 (webtiles) character file.

338 PurpleRed the Chopper (level 6, -4/50 HPs)
             Began as a Human Berserker on Sept 13, 2016.
             Was a Believer of Trog.
             Slain by PurpleRed's ghost (9 damage)
             ... on level 4 of the Dungeon.
             The game lasted 00:06:23 (744 turns).

PurpleRed the Chopper (Human Berserker)              Turns: 744, Time: 00:06:24

Health: -4/50      AC:  6    Str: 19    XL:     6   Next: 85%
Magic:  6/6        EV: 10    Int:  7    God:    Trog [**....]
Gold:   34         SH:  0    Dex: 13    Spells: 0 memorised, 5 levels left

rFire  . . .     SeeInvis .     a - +0 hand axe
rCold  . . .     Gourm    .     m - +0 scale mail
rNeg   . . .     Faith    .     (no shield)
rPois  .         Spirit   .     (no helmet)
rElec  .         Dismiss  .     (no cloak)
rCorr  .         Reflect  .     (no gloves)
MR     .....     Harm     .     (no boots)
Stlth  +.........               (no amulet)
                                (no ring)
                                g - ring of stealth

@: exhausted, slowed, very slow
A: no striking features
a: Berserk, Trog's Hand, Burn Spellbooks, Renounce Religion


You were on level 4 of the Dungeon.
You worshipped Trog.
Trog was pleased with you.
You were near starving.

You visited 1 branch of the dungeon, and saw 4 of its levels.

You collected 34 gold pieces.

Inventory:

Hand Weapons
 a - a +0 hand axe (weapon)
Armour
 b - a +0 animal skin
 d - a +0 ring mail
 m - a +0 scale mail (worn)
Jewellery
 g - a ring of stealth (left hand)
Scrolls
 e - a scroll of enchant weapon {unknown}
 f - a scroll of fear {unknown}
 h - a scroll of amnesia {unknown}
 i - a scroll of enchant armour {unknown}
 j - 2 scrolls of identify {unknown}
 n - 2 scrolls of noise {unknown}
Comestibles
 c - 3 bread rations
 k - a slice of pizza
 l - 4 fruits


   Skills:
 + Level 4.8 Fighting
 * Level 6.0 Axes
 - Level 2.0 Armour
 - Level 2.0 Dodging


You had 5 spell levels left.
You didn't know any spells.

Dungeon Overview and Level Annotations

Branches:
Dungeon (4/15)
 Temple: D:4-7

Altars:
Makhleb

Annotations:
D:4 PurpleRed's ghost, novice HuBe


Message History

PurpleRed's ghost is severely damaged.
PurpleRed's ghost hits you but does no damage.
PurpleRed's ghost hits you!
You aren't carrying any potions.
Unknown command.
Unknown command.
PurpleRed's ghost hits you but does no damage.
Things that are here:
a club; an orc corpse PurpleRed's ghost closely misses you.
You open the door. PurpleRed's ghost hits you.
* * * LOW HITPOINT WARNING * * *
PurpleRed's ghost hits you!
* * * LOW HITPOINT WARNING * * *
There is an open door here.
PurpleRed's ghost hits you.
* * * LOW HITPOINT WARNING * * *
PurpleRed's ghost barely misses you. PurpleRed's ghost hits you!
You die...

........)....<....#
#.###...###..........
#. ##..# ###.###.###
#.####..# #.# .#
#....)..# #.. ..
######)## #### .#
##...## .# ####..)).##
##.# ..........## ##@.#
##.........####W..####
.'.........'...........
##.........####...#####
##........## ##.##
##.#.....## #.#
..#...... #.# #.#+###
#.# #. .#


You could see PurpleRed's ghost.

Vanquished Creatures
  Sigmund (D:4)
  The ghost of PurpleRed the Conjurer, a weakling DECj (D:3)
  An orc wizard (D:4)
  An orc priest (D:4)
  A worker ant (D:4)
  3 adders
  An ooze (D:3)
  2 dart slugs
  A giant gecko (D:2)
  2 orcs (D:4)
  A goblin (D:3)
  6 hobgoblins
  2 quokkas (D:2)
  2 ball pythons
  3 bats
  A giant newt (D:2)
  4 kobolds
  2 rats
35 creatures vanquished.

Notes
Turn   | Place    | Note
-------+----------+-------------------------------------------
     0 | D:1      | PurpleRed the Human Berserker began the quest for the Orb.
     0 | D:1      | Reached XP level 1. HP: 18/18 MP: 1/1
    81 | D:2      | Reached XP level 2. HP: 19/24 MP: 2/2
   150 | D:3      | Reached XP level 3. HP: 29/29 MP: 3/3
   230 | D:3      | Reached skill level 4 in Axes
   230 | D:3      | Reached XP level 4. HP: 37/37 MP: 4/4
   344 | D:3      | Noticed PurpleRed's ghost (weakling DECj)
   355 | D:3      | Killed PurpleRed's ghost
   380 | D:3      | Found a burning altar of Makhleb.
   380 | D:3      | Noticed a balrug
   436 | D:4      | Noticed PurpleRed's ghost (novice HuBe)
   492 | D:2      | Reached ** piety under Trog
   652 | D:4      | Noticed Sigmund
   658 | D:4      | Killed Sigmund
   658 | D:4      | Reached skill level 5 in Axes
   658 | D:4      | Reached XP level 5. HP: 43/43 MP: 5/5
   658 | D:4      | Reached XP level 6. HP: 49/49 MP: 6/6
   721 | D:4      | Reached skill level 6 in Axes
   744 | D:4      | Slain by PurpleRed's ghost

Vault maps used:
D:1:      saegor_arrival_simple_c, minivault_19
D:2:      first_bread, st_stairs_10
D:3:      dk_noncrumbling_4, makhleb_altar_promises_db
D:4:      kennysheep_slug_shrine, uniq_sigmund

Skill      XL: |  1  2  3  4  5  6 |
---------------+-------------------+-----
Axes           | 4 5 6 |  6.0
Fighting       | 4 |  4.8
Armour         | |  2.0
Dodging        | |  2.0

Action                   |  1- 3 |  4- 6 || total
-------------------------+-------+-------++-------
Melee: Hand axe          |    34 |    73 ||   107
Invok: Berserk           |     3 |     3 ||     6
 Stab: Sleeping          |     1 |       ||     1
  Eat: Chunk             |       |     4 ||     4
Armor: Ring mail         |     4 |    22 ||    26
       Scale mail        |       |     5 ||     5
Dodge: Dodged            |    16 |    52 ||    68
